 Dungeon Crawl Stone Soup version 0.29.1-4-g47bece8355 (webtiles) character file.

Game seed: 8981093530355069724

403 Linkola the Covered (level 6, -1/53 HPs)
             Began as a Minotaur Fighter on Dec 11, 2022.
             Slain by Sigmund
             ... wielding a +0 scythe
              (5 damage)
             ... on level 5 of the Dungeon.
             The game lasted 00:07:09 (3881 turns).

Linkola the Covered (Minotaur Fighter)              Turns: 3881, Time: 00:07:09

Health: -1/53      AC:  9    Str: 23    XL:     6   Next: 55%
Magic:  5/5        EV:  8    Int:  5    God:
Gold:   84         SH:  5    Dex: 15    Spells: 5/5 levels left

rFire   . . .      SeeInvis .   a - +0 flail (vamp)
rCold   . . .      Faith    .   c - +0 buckler
rNeg    . . .      Spirit   .   o - +0 chain mail
rPois   .          Reflect  .   (helmet restricted)
rElec   .          Harm     .   (no cloak)
rCorr   +          Rampage  .   (no gloves)
Will    .....                   (no boots)
Stlth   ..........              (no amulet)
HPRegen 0.17/turn               f - ring of resist corrosion
MPRegen 0.09/turn               b - +6 ring of dexterity

@: no status effects
A: horns 2, retaliatory headbutt
a: no special abilities


You were on level 5 of the Dungeon.
You visited 1 branch of the dungeon, and saw 5 of its levels.

You collected 84 gold pieces.

Inventory:

Hand Weapons
 a - a +0 vampiric flail (weapon)
Missiles
 g - 10 stones (quivered)
 m - 5 boomerangs
Armour
 c - a +0 buckler (worn)
 o - a +0 chain mail (worn)
Jewellery
 b - a +6 ring of dexterity (right hand)
 f - a ring of resist corrosion (left hand)
Wands
 q - a wand of polymorph (3)
Scrolls
 j - 2 scrolls of magic mapping
Potions
 d - a potion of might
 e - a potion of berserk rage {unknown}
 h - a potion of attraction {unknown}
 i - a potion of haste {unknown}
 k - a potion of mutation {unknown}
 l - a potion of ambrosia {unknown}
 n - 4 potions of curing {unknown}
 p - a potion of resistance {unknown}


   Skills:
 + Level 4.7 Fighting
 + Level 5.0 Maces & Flails
 * Level 2.6 Throwing
 + Level 5.2 Armour
 + Level 1.2 Dodging
 + Level 4.5 Shields


You had 5 spell levels left.
You didn't know any spells.
Your spell library contained the following spells:

 Spells                   Type           Power      Damage    Failure   Level
 Magic Dart               Conj           0%         1d3       99%         1
 Slow                     Hex            0%         N/A       99%         1
 Summon Small Mammal      Summ           0%         N/A       99%         1
 Blink                    Tloc           0%         N/A       100%        2
 Searing Ray              Conj           0%         2d4       100%        2
 Call Canine Familiar     Summ           0%         N/A       100%        3
 Confusing Touch          Hex            0%         N/A       100%        3
 Lesser Beckoning         Tloc           0%         N/A       100%        3
 Summon Guardian Golem    Hex/Summ       0%         N/A       100%        3
 Vampiric Draining        Necr           0%         2d6       100%        3
 Fulminant Prism          Conj/Hex       0%         3d6       100%        4
 Manifold Assault         Tloc           0%         N/A       100%        5


Dungeon Overview and Level Annotations

Branches:
Dungeon (5/15)
 Temple: D:4-7

Altars:
Ashenzari
Cheibriados
Dithmenos
Fedhas
Ru
Xom

Shops:
D:4 [[

Annotations:
D:5 Sigmund


Innate Abilities, Weirdness & Mutations

You have a pair of horns on your head.
You reflexively headbutt those who attack you in melee.


Message History

You are too injured to fight recklessly!
You are too injured to fight recklessly!
You are too injured to fight recklessly!
You are too injured to fight recklessly!
You are too injured to fight recklessly!
You are too injured to fight recklessly!
You are too injured to fight recklessly!
You are too injured to fight recklessly!
You are too injured to fight recklessly!
You are too injured to fight recklessly!
You are too injured to fight recklessly!
You are too injured to fight recklessly!
You are too injured to fight recklessly!
The orc throws a boomerang.
The boomerang hits you but does no damage.
Sigmund the Dreaded comes into view.
He is wielding a +0 scythe.
Sigmund shouts!
You block the orc's attack.
You sock the orc!
You kill the orc!
Sigmund gestures wildly while chanting.
Sigmund flickers and vanishes!
Deactivating autopickup; reactivate with Ctrl-A.
Your Maces & Flails skill increases to level 5!
Things that are here:
a +0 flail; 3 boomerangs; a +0 leather armour Something hits you but does no damage.
You see here a +0 ring mail.
You sock something! Your headbutt misses something. Something hits you!
You closely miss something. Something hits you but does no damage.
You miss something. Your headbutt misses something. Something hits you.
* * * LOW HITPOINT WARNING * * *
You miss something. Your headbutt misses something. Something hits you!
* * * LOW HITPOINT WARNING * * *
You hear some strange, mumbled words.
Something tries to affect you, but you resist.
You see here a +0 ring mail.
Something hits you.
You die...

##.#.## #.#)# #<#.#
#.#.# #.#.#######
#.#.......# #
#.#.#####.. ...
#....########.....
#.#.....)[@....#
.......#.######...##
#######.## .### ##
.. .## .. .. ..


There were no monsters in sight!

Vanquished Creatures
  An ogre (D:5)
  A phantom (D:4)
  A scorpion (D:4)
  A jelly (D:2)
  An orc priest (D:3)
  2 adders (D:3)
  2 worms
  A dart slug (D:1)
  14 orcs
  4 endoplasms
  4 giant cockroaches
  7 goblins
  14 hobgoblins
  7 jackals (D:1)
  6 kobolds
  4 quokkas
  5 ball pythons
  9 bats
  4 frilled lizards
  A rat (D:3)
89 creatures vanquished.

Vanquished Creatures (others)
  4 fungi (D:2)
  A plant (D:2)
5 creatures vanquished.

Grand Total: 94 creatures vanquished

Notes
Turn   | Place    | Note
-------+----------+-------------------------------------------
     0 | D:1      | Linkola the Minotaur Fighter began the quest for the Orb.
     0 | D:1      | Reached XP level 1. HP: 19/19 MP: 0/0
   198 | D:1      | Reached XP level 2. HP: 26/27 MP: 1/1
   662 | D:1      | Reached XP level 3. HP: 33/33 MP: 2/2
   964 | D:2      | Found a blossoming altar of Fedhas.
  1062 | D:2      | Reached skill level 1 in Throwing
  1296 | D:2      | Reached XP level 4. HP: 40/40 MP: 3/3
  1632 | D:2      | Found a faded altar of an unknown god.
  2024 | D:3      | Reached skill level 1 in Dodging
  2144 | D:3      | Reached XP level 5. HP: 43/46 MP: 4/4
  2215 | D:3      | Found a shimmering altar of Xom.
  2290 | D:3      | Found a shadowy altar of Dithmenos.
  2711 | D:4      | Found a broken altar of Ashenzari.
  2735 | D:4      | Found Hias's Antique Armour Emporium.
  3025 | D:4      | Found a sacrificial altar of Ru.
  3283 | D:4      | Found Apanevvy's Armour Emporium.
  3291 | D:4      | Noticed a phantom
  3302 | D:4      | Killed a phantom
  3303 | D:4      | Reached skill level 5 in Armour
  3303 | D:4      | Reached XP level 6. HP: 48/53 MP: 5/5
  3391 | D:4      | Found a snail-covered altar of Cheibriados.
  3729 | D:5      | Entered Level 5 of the Dungeon
  3870 | D:5      | Noticed Sigmund
  3873 | D:5      | Reached skill level 5 in Maces & Flails
  3881 | D:5      | Slain by Sigmund

Illustrated notes

Levels and vault maps discovered:
D:1:      dpeg_arrival_another_circle, layout_loops_ring, minmay_liquid_box
D:2:      layout_loops_cross, serial_forest, infiniplex_forest_zigzag_1,
          infiniplex_forest_straight_2, infiniplex_forest_clump_small,
          infiniplex_forest_lined_room_, infiniplex_forest_lined_3,
          infiniplex_forest_lined_2, infiniplex_forest_lined_room_2,
          basic_altar, shapermc_ecumenical_altar_mp_ritualfount
D:3:      layout_loops_ring, lemuel_doored_altar, mainiacjoe_overflow_alcove_1,
          minmay_misc_feat_diagonals
D:4:      layout_loops_ring, mainiacjoe_overflow_alcove_2,
          nicolae_ru_the_path_less_chosen, mainiacjoe_overflow_paths,
          serial_shops, nicolae_shop_hallway_stairs, minmay_shop_grid_forest,
          minmay_tree_intersection, nicolae_figureground_sparkle
D:5:      layout_loops_ring, minmay_temple_entry_crystal_x, uniq_sigmund

Skill      XL: |  1  2  3  4  5  6 |
---------------+-------------------+-----
Shields        | 4 |  4.5
Fighting       | 4 |  4.7
Maces & Flails | 3 4 5 |  5.0
Throwing       | 1 2 |  2.6
Armour         | 4 5 |  5.2
Dodging        | 1 |  1.2

Action                   |  1- 3 |  4- 6 || total
-------------------------+-------+-------++-------
Melee: Flail             |    80 |   136 ||   216
       Headbutt          |     9 |    22 ||    31
Throw: Stone             |     6 |    24 ||    30
  Use: Scroll            |     2 |     7 ||     9
Armor: Scale mail        |    41 |    52 ||    93
       Chain mail        |       |     7 ||     7
Dodge: Dodged            |    40 |    51 ||    91
Block: Buckler           |    15 |    30 ||    45
